3L
THUNDER BAY NORTHERN LIONS BC @ PHILADELPHIA 1776 BC
06/09/2025
 
TOP OF THE 1ST
Thunder Bay Northern Lions BC batting - Pitching for Philadelphia 1776 BC : LHP Carlos Sánchez
Pitching: LHP Carlos Sánchez
Batting: RHB Keith Fish 0-0: Foul Ball, location: 2F
0-1: Ball
1-1: Ball
2-1: Fly out, F4 (Line Drive, 4)
Batting: RHB Fred Meyer 0-0: Ground out 6-3 (Groundball, 56)
Batting: LHB David Smith 0-0: Ball
1-0: Fly out, F9 (Flyball, 89D)
Top of the 1st over - 0 run(s), 0 hit(s), 0 error(s), 0 left on base; Thunder Bay 0 - Philadelphia 1776 0
BOTTOM OF THE 1ST
Philadelphia 1776 BC batting - Pitching for Thunder Bay Northern Lions BC : RHP Jorge Castillo
Pitching: RHP Jorge Castillo
Batting: RHB Jesús Orozco 0-0: Ball
1-0: Foul Ball, location: 2F
1-1: Bunt missed!
1-2: Ball
2-2: Ground out 4-3 (Groundball, 4M)
Batting: LHB Héctor Torres 0-0: Called Strike
0-1: Called Strike
0-2: Foul Ball, location: 2F
0-2: Strikes out looking
Batting: RHB Patrizio Vanali 0-0: Ball
1-0: Ball
2-0: Foul Ball, location: 2F
2-1: Ball
3-1: Swinging Strike
3-2: Fly out, F4 (Popup, 3D)
Bottom of the 1st over - 0 run(s), 0 hit(s), 0 error(s), 0 left on base; Thunder Bay 0 - Philadelphia 1776 0
TOP OF THE 2ND
Thunder Bay Northern Lions BC batting - Pitching for Philadelphia 1776 BC : LHP Carlos Sánchez
Batting: RHB Robert O'Connor 0-0: Called Strike
0-1: Fly out, F8 (Flyball, 8RD)
Batting: LHB Chris Gregory 0-0: Ball
1-0: Ground out 4-3 (Groundball, 34D)
Batting: RHB Carlos Padilla 0-0: Ball
1-0: Called Strike
1-1: DOUBLE (Line Drive, 7LS)
Batting: SHB Arnold Griffith 0-0: Called Strike
0-1: Fly out, F9 (Flyball, 89M)
Top of the 2nd over - 0 run(s), 1 hit(s), 0 error(s), 1 left on base; Thunder Bay 0 - Philadelphia 1776 0
BOTTOM OF THE 2ND
Philadelphia 1776 BC batting - Pitching for Thunder Bay Northern Lions BC : RHP Jorge Castillo
Batting: RHB Jesús Rodríguez 0-0: Ball
1-0: Swinging Strike
1-1: Foul Ball, location: 2F
1-2: Ground out 4-3 (Groundball, 4)
Batting: LHB Tony Vega 0-0: Ball
1-0: Ball
2-0: Called Strike
2-1: Ball
3-1: Base on Balls
Batting: LHB Phil Ritchie 0-0: Ball
1-0: Fly out, F8 (Flyball, 78S)
Batting: RHB Russell Jackson 0-0: Called Strike
0-1: SINGLE (Groundball, 56D)
Tony Vega to second
Batting: SHB Jesús Cabañe 0-0: Ball
1-0: Called Strike
1-1: Ball
2-1: 3-RUN HOME RUN (Flyball, 9D), Distance : 388 ft
Batting: RHB Greg Robinson 0-0: Ball
1-0: Ball
2-0: Ball
3-0: Called Strike
3-1: Called Strike
3-2: Ground out 5-3 (Groundball, 5S)
Bottom of the 2nd over - 3 run(s), 2 hit(s), 0 error(s), 0 left on base; Thunder Bay 0 - Philadelphia 1776 3
TOP OF THE 3RD
Thunder Bay Northern Lions BC batting - Pitching for Philadelphia 1776 BC : LHP Carlos Sánchez
Batting: LHB Curtis Peters 0-0: Ball
1-0: Foul Ball, location: 2F
1-1: Called Strike
1-2: Strikes out swinging
Batting: RHB Adrian Smith 0-0: Called Strike
0-1: Ball
1-1: Foul Ball, location: 2F
1-2: Foul Ball, location: 2F
1-2: Foul Ball, location: 2F
1-2: Strikes out swinging
Batting: RHB Keith Fish 0-0: Foul Ball, location: 2F
0-1: Fly out, F8 (Flyball, 8RS)
Top of the 3rd over - 0 run(s), 0 hit(s), 0 error(s), 0 left on base; Thunder Bay 0 - Philadelphia 1776 3
BOTTOM OF THE 3RD
Philadelphia 1776 BC batting - Pitching for Thunder Bay Northern Lions BC : RHP Jorge Castillo
Batting: RHB Jesús Orozco 0-0: Called Strike
0-1: Ball
1-1: Ground out 2-3 (Groundball, 2L)
Batting: LHB Héctor Torres 0-0: Swinging Strike
0-1: Fly out, F9 (Flyball, 9D)
Batting: RHB Patrizio Vanali 0-0: Called Strike
0-1: Ball
1-1: Ball
2-1: Ball
3-1: Called Strike
3-2: Foul Ball, location: 2F
3-2: SINGLE (Line Drive, 34D)
Batting: RHB Jesús Rodríguez 0-0: Ball
1-0: Swinging Strike
1-1: Fly out, F8 (Line Drive, 8RD)
Bottom of the 3rd over - 0 run(s), 1 hit(s), 0 error(s), 1 left on base; Thunder Bay 0 - Philadelphia 1776 3
TOP OF THE 4TH
Thunder Bay Northern Lions BC batting - Pitching for Philadelphia 1776 BC : LHP Carlos Sánchez
Batting: RHB Fred Meyer 0-0: Ball
1-0: Called Strike
1-1: Ball
2-1: Called Strike
2-2: Foul Ball, location: 2F
2-2: Strikes out swinging
Batting: LHB David Smith 0-0: Called Strike
0-1: Swinging Strike
0-2: Ball
1-2: Ball
2-2: Ball
3-2: Strikes out swinging
Batting: RHB Robert O'Connor 0-0: Ball
1-0: Called Strike
1-1: Ground out 1-3 (Groundball, 15S)
Top of the 4th over - 0 run(s), 0 hit(s), 0 error(s), 0 left on base; Thunder Bay 0 - Philadelphia 1776 3
BOTTOM OF THE 4TH
Philadelphia 1776 BC batting - Pitching for Thunder Bay Northern Lions BC : RHP Jorge Castillo
Batting: LHB Tony Vega 0-0: Called Strike
0-1: Ball
1-1: Foul Ball, location: 2F
1-2: Foul Ball, location: 2F
1-2: Ball
2-2: Ball
3-2: SINGLE (Flyball, 7S)
Batting: LHB Phil Ritchie 0-0: Ball
1-0: Ball
2-0: Called Strike
2-1: Swinging Strike
2-2: Strikes out swinging
Batting: RHB Russell Jackson 0-0: Ball
1-0: Called Strike
1-1: Ball
2-1: Ball
3-1: Base on Balls
Tony Vega to second
Batting: SHB Jesús Cabañe 0-0: Fly out, F7 (Flyball, 78XD)
Runner from 2nd tags up, SAFE at 3rd, no throw
Batting: RHB Greg Robinson 0-0: Fly out, F7 (Flyball, 78S)
Bottom of the 4th over - 0 run(s), 1 hit(s), 0 error(s), 2 left on base; Thunder Bay 0 - Philadelphia 1776 3
TOP OF THE 5TH
Thunder Bay Northern Lions BC batting - Pitching for Philadelphia 1776 BC : LHP Carlos Sánchez
Batting: LHB Chris Gregory 0-0: Called Strike
0-1: Ball
1-1: Foul Ball, location: 2F
1-2: Foul Ball, location: 2F
1-2: Strikes out looking
Pitching: RHP Salvador Tapia
Batting: RHB Carlos Padilla 0-0: Ball
1-0: Called Strike
1-1: Fly out, F3 (Popup, 3L)
Batting: SHB Arnold Griffith 0-0: Swinging Strike
0-1: Ball
1-1: DOUBLE (Line Drive, 7LM)
Batting: LHB Curtis Peters 0-0: Ball
1-0: Ball
2-0: Foul Ball, location: 2F
2-1: Foul Ball, location: 2F
2-2: Strikes out looking
Top of the 5th over - 0 run(s), 1 hit(s), 0 error(s), 1 left on base; Thunder Bay 0 - Philadelphia 1776 3
BOTTOM OF THE 5TH
Philadelphia 1776 BC batting - Pitching for Thunder Bay Northern Lions BC : RHP Jorge Castillo
Batting: RHB Jesús Orozco 0-0: Foul Ball, location: 2F
0-1: Called Strike
0-2: Foul Ball, location: 2F
0-2: Ball
1-2: Strikes out swinging
Batting: LHB Héctor Torres 0-0: Called Strike
0-1: Foul Ball, location: 2F
0-2: Foul Ball, location: 2F
0-2: Fly out, F4 (Popup, 4D)
Batting: RHB Patrizio Vanali 0-0: Ball
1-0: SINGLE (Line Drive, 56)
Batting: RHB Jesús Rodríguez 0-0: Foul Ball, location: 2F
0-1: Ball
1-1: Ground out 1-3 (Groundball, P)
Bottom of the 5th over - 0 run(s), 1 hit(s), 0 error(s), 1 left on base; Thunder Bay 0 - Philadelphia 1776 3
TOP OF THE 6TH
Thunder Bay Northern Lions BC batting - Pitching for Philadelphia 1776 BC : RHP Salvador Tapia
Batting: RHB Adrian Smith 0-0: Ball
1-0: Foul Ball, location: 2F
1-1: Ball
2-1: Swinging Strike
2-2: SINGLE (Line Drive, 6MD)
Batting: RHB Keith Fish 0-0: Ball
1-0: Foul Ball, location: 2F
1-1: Sac Bunt - play at first, batter OUT! U3
Adrian Smith to second
Batting: RHB Fred Meyer 0-0: Called Strike
0-1: Ball
1-1: Fly out, F8 (Flyball, 8RS)
Batting: LHB David Smith 0-0: Called Strike
0-1: Fly out, F9 (Flyball, 89M)
Top of the 6th over - 0 run(s), 1 hit(s), 0 error(s), 1 left on base; Thunder Bay 0 - Philadelphia 1776 3
BOTTOM OF THE 6TH
Philadelphia 1776 BC batting - Pitching for Thunder Bay Northern Lions BC : RHP Jorge Castillo
Batting: LHB Tony Vega 0-0: Ground out U3 (Groundball, 34S)
Batting: LHB Phil Ritchie 0-0: Ball
1-0: Foul Ball, location: 2F
1-1: Called Strike
1-2: Foul Ball, location: 2F
1-2: Foul Ball, location: 2F
1-2: Strikes out looking
Batting: RHB Russell Jackson 0-0: Called Strike
0-1: Called Strike
0-2: Strikes out swinging
Bottom of the 6th over - 0 run(s), 0 hit(s), 0 error(s), 0 left on base; Thunder Bay 0 - Philadelphia 1776 3
TOP OF THE 7TH
Thunder Bay Northern Lions BC batting - Pitching for Philadelphia 1776 BC : RHP Salvador Tapia
Batting: RHB Robert O'Connor 0-0: Called Strike
0-1: Ball
1-1: Foul Ball, location: 2F
1-2: Strikes out looking
Batting: LHB Chris Gregory 0-0: Ground out 3-1 (Groundball, 34S)
Batting: RHB Carlos Padilla 0-0: Ground out 1-3 (Groundball, 13S)
Top of the 7th over - 0 run(s), 0 hit(s), 0 error(s), 0 left on base; Thunder Bay 0 - Philadelphia 1776 3
BOTTOM OF THE 7TH
Philadelphia 1776 BC batting - Pitching for Thunder Bay Northern Lions BC : RHP Jorge Castillo
Batting: SHB Jesús Cabañe 0-0: Ball
1-0: Called Strike
1-1: Fly out, F7 (Flyball, 7)
Batting: RHB Greg Robinson 0-0: Called Strike
0-1: Ball
1-1: Ground out 4-3 (Groundball, 4)
Batting: RHB Jesús Orozco 0-0: Ball
1-0: Ground out 1-3 (Groundball, 15)
Bottom of the 7th over - 0 run(s), 0 hit(s), 0 error(s), 0 left on base; Thunder Bay 0 - Philadelphia 1776 3
TOP OF THE 8TH
Thunder Bay Northern Lions BC batting - Pitching for Philadelphia 1776 BC : RHP Salvador Tapia
Batting: SHB Arnold Griffith 0-0: Foul Ball, location: 2F
0-1: Foul Ball, location: 2F
0-2: Fly out, F8 (Flyball, 8RXD)
Batting: LHB Curtis Peters 0-0: Foul Ball, location: 2F
0-1: Ball
1-1: Ball
2-1: SOLO HOME RUN (Flyball, 8LXD), Distance : 439 ft
Pitching: LHP José Sandoval
Batting: RHB Adrian Smith 0-0: Ball
1-0: Ball
2-0: Called Strike
2-1: Foul Ball, location: 2F
2-2: Ball
3-2: Strikes out swinging
Batting: RHB Keith Fish 0-0: Ball
1-0: Swinging Strike
1-1: Foul Ball, location: 2F
1-2: Foul Ball, location: 2F
1-2: Foul Ball, location: 2F
1-2: Fly out, F9 (Flyball, 9LS)
Top of the 8th over - 1 run(s), 1 hit(s), 0 error(s), 0 left on base; Thunder Bay 1 - Philadelphia 1776 3
BOTTOM OF THE 8TH
Philadelphia 1776 BC batting - Pitching for Thunder Bay Northern Lions BC : RHP Jorge Castillo
Batting: LHB Héctor Torres 0-0: Ball
1-0: Foul Ball, location: 2F
1-1: Foul Ball, location: 2F
1-2: Strikes out swinging
Batting: RHB Patrizio Vanali 0-0: Fly out, F8 (Flyball, 8RS)
Batting: RHB Jesús Rodríguez 0-0: Ball
1-0: Ball
2-0: Foul Ball, location: 2F
2-1: Foul Ball, location: 2F
2-2: Foul Ball, location: 2F
2-2: TRIPLE (Flyball, 8LXD)
Pitching: LHP Jake O'Tomalty
Batting: LHB Tony Vega 0-0: Ball
1-0: Ball
2-0: Foul Ball, location: 2F
2-1: Fly out, F7 (Flyball, 7S)
Bottom of the 8th over - 0 run(s), 1 hit(s), 0 error(s), 1 left on base; Thunder Bay 1 - Philadelphia 1776 3
TOP OF THE 9TH
Thunder Bay Northern Lions BC batting - Pitching for Philadelphia 1776 BC : LHP José Sandoval
Batting: RHB Fred Meyer 0-0: Called Strike
0-1: Called Strike
0-2: Strikes out looking
Batting: LHB David Smith 0-0: Ball
1-0: Foul Ball, location: 2F
1-1: Ball
2-1: SINGLE (Flyball, 4D)
Batting: RHB Robert O'Connor 0-0: SINGLE (Groundball, 6) (infield hit)
David Smith to second
Batting: LHB Chris Gregory 0-0: Fielders Choice at 2nd, 3-6 (Groundball, 34)
David Smith to third
Batting: RHB Carlos Padilla 0-0: Ball
1-0: Swinging Strike
1-1: Ball
2-1: Foul Ball, location: 2F
2-2: Ball
3-2: DOUBLE (Line Drive, 8LXD)
David Smith scores
Chris Gregory to third
Chris Gregory scores
Batting: SHB Arnold Griffith 0-0: Ball
1-0: Ball
2-0: Foul Ball, location: 2F
2-1: Called Strike
2-2: Ball
3-2: Base on Balls
Pinch Hitting: RHB Nathan Clay 0-0: SINGLE (Groundball, 34D)
Carlos Padilla to third
Arnold Griffith to second
Runner from 3rd tries for Home, SAFE, no throw
Pitching: LHP Woody Sullivan
Batting: RHB Adrian Smith 0-0: Ball
1-0: Foul Ball, location: 2F
1-1: Foul Ball, location: 2F
1-2: SINGLE (Groundball, 34D)
Arnold Griffith to third
Nathan Clay to second
Runner from 3rd tries for Home, SAFE, no throw
Batting: RHB Keith Fish 0-0: Ball
1-0: Ball
2-0: Ball
3-0: Called Strike
3-1: SINGLE (Line Drive, 34D)
Nathan Clay to third
Adrian Smith to second
Runner from 3rd tries for Home, SAFE, no throw
Batting: RHB Fred Meyer 0-0: Ball
1-0: Ball
2-0: Swinging Strike
2-1: Foul Ball, location: 2F
2-2: Ball
3-2: Strikes out swinging
Top of the 9th over - 5 run(s), 6 hit(s), 0 error(s), 2 left on base; Thunder Bay 6 - Philadelphia 1776 3
BOTTOM OF THE 9TH
Philadelphia 1776 BC batting - Pitching for Thunder Bay Northern Lions BC : LHP Jake O'Tomalty
Pitching: RHP Brandon Bannatyne
Now at 1B: John Brewer
Now at 2B: Nathan Clay
Batting: LHB Phil Ritchie 0-0: Called Strike
0-1: Ground out 3-1 (Groundball, 34)
Batting: RHB Russell Jackson 0-0: Ball
1-0: Ball
2-0: Ground out 4-3 (Groundball, 4M)
Now at 2B: Rafael Cardona
Batting: SHB Jesús Cabañe 0-0: Ball
1-0: Ball
2-0: Ball
3-0: Base on Balls
Batting: RHB Greg Robinson Balk!
Jesús Cabañe to second
0-0: Ball
1-0: Called Strike
1-1: Foul Ball, location: 2F
1-2: Ball
2-2: Foul Ball, location: 2F
2-2: Ball
3-2: Foul Ball, location: 2F
3-2: SINGLE (Groundball, 34D)
Jesús Cabañe to third
Jesús Cabañe scores
Batting: RHB Jesús Orozco 0-0: Ball
1-0: Ball
2-0: Called Strike
2-1: Ground out 5-3 (Groundball, 56S)
Bottom of the 9th over - 1 run(s), 1 hit(s), 0 error(s), 1 left on base; Thunder Bay 6 - Philadelphia 1776 4
Friday, December 30th, 2016 - OOTP Baseball 17.12 Build 75